 Dungeon Crawl Stone Soup version 0.27-a0-951-gae3e1deef5 (webtiles) character file.

Game seed: 11419427348430830854

207 wakim the Insei (level 5, -1/28 (33) HPs)
             Began as an Octopode Transmuter on Apr 11, 2021.
             Was a Follower of Wu Jian.
             Slain by an endoplasm (2 damage)
             ... on level 3 of the Dungeon.
             The game lasted 00:10:11 (4190 turns).

wakim the Insei (Octopode Transmuter)               Turns: 4190, Time: 00:10:12

HP:   -1/28 (33)    AC:  1    Str: 10 (11) XL:     5   Next: 85%
MP:   8/8           EV: 12    Int: 13 (15) God:    Wu Jian [*.....]
Gold: 97            SH:  4    Dex: 10 (12) Spells: 4/8 levels left

rFire    . . .     SeeInvis .     - Unarmed
rCold    + . .     Faith    .   c - +0 buckler
rNeg     . . .     Spirit   .   (helmet restricted)
rPois    .         Reflect  .   (no amulet)
rElec    .         Harm     .   b - ring of protection from cold
rCorr    .         Rampage  .   i - ring of fire
Will     .....                  j - ring of ice
Stlth    +++.......             (no ring)
HPRegen  0.09/turn              (no ring)
MPRegen  0.11/turn              (no ring)
                                (no ring)
                                (no ring)

@: heavily drained
A: almost no armour, amphibious, 8 rings, camouflage 1, gelatinous body 1,
(nimble swimmer 1), tentacles
a: Renounce Religion


You were on level 3 of the Dungeon.
You worshipped Wu Jian.
Wu Jian was aware of your devotion.
You visited 1 branch of the dungeon, and saw 4 of its levels.

You collected 97 gold pieces.

Inventory:

Missiles
 e - 4 curare-tipped darts {=f}
Armour
 c - a +0 buckler (worn)
Jewellery
 b - a ring of protection from cold (left tentacle)
 i - a ring of fire (right tentacle)
 j - a ring of ice (on tentacle)
Scrolls
 h - a scroll of enchant weapon
 R - 2 scrolls of magic mapping {!r}
Potions
 d - a potion of degeneration {!q}
 f - a potion of brilliance {unknown}
 g - a potion of heal wounds {unknown}
 G - 2 potions of flight


   Skills:
 + Level 1.6 Fighting
 - Level 2.0 Dodging
 - Level 4.0 Stealth
 * Level 2.4 Shields
 * Level 4.5 Unarmed Combat
 - Level 2.0 Spellcasting
 - Level 2.0 Transmutations


You had 4 spell levels left.
You knew the following spells:

 Your Spells              Type           Power      Damage    Failure   Level
a - Beastly Appendage     Tmut           12%        N/A       13%         1
x - Spider Form           Tmut/Pois      1%         N/A       52%         3

Your spell library contained the following spells:

 Spells                   Type           Power      Damage    Failure   Level
 Wereblood                Tmut           6%         N/A       21%         2
 Magic Dart               Conj           4%         1d3       30%         1
 Blink                    Tloc           N/A        N/A       41%         2
 Call Imp                 Summ           1%         N/A       41%         2
 Slow                     Hex            1%         N/A       41%         2
 Conjure Flame            Conj/Fire      1%         6-21      65%         3
 Mephitic Cloud           Conj/Pois/Air  1%         N/A       65%         3
 Ice Form                 Ice/Tmut       5%         N/A       89%         4
 Hydra Form               Tmut           3%         N/A       98%         5


Dungeon Overview and Level Annotations

Branches:
Dungeon (4/15)
 Temple: D:4-7

Altars:
Sif Muna
Wu Jian

Annotations:
D:2 Sigmund
D:3 exclusion: ice beast


Innate Abilities, Weirdness & Mutations

You cannot wear most types of armour.
You are amphibious.
You can wear up to eight rings at the same time.
Your skin changes colour to match your surroundings (Stealth+).
Your rubbery body absorbs attacks. (AC +1, EV +1)
((You are camouflaged near water. (Stealth+)))
You have tentacles for arms and can constrict up to eight enemies at once.


Message History

You constrict the necrophage. The necrophage barely misses you.
You tentacle-slap the necrophage.
The necrophage is heavily damaged.
You constrict the necrophage, but do no damage.
The necrophage hits you.
You tentacle-slap the necrophage.
The necrophage is severely damaged.
You constrict the necrophage. The necrophage hits you.
* * * LOW HITPOINT WARNING * * *
You feel drained.
* * * LOW HITPOINT WARNING * * *
You tentacle-slap the necrophage but do no damage.
The necrophage is severely damaged.
You constrict the necrophage. The necrophage misses you.
The endoplasm hits you.
* * * LOW HITPOINT WARNING * * *
You release your grip on the necrophage.
There is a stone staircase leading up here.
The necrophage completely misses you.
You climb upwards.
Level annotation: exclusion: ice beast
There is a stone staircase leading down here.
Okay, then.
You closely miss the necrophage. You grab the necrophage.
You squeeze the necrophage.
The necrophage is almost destroyed.
You constrict the necrophage. The endoplasm hits you.
* * * LOW HITPOINT WARNING * * *
The necrophage hits you!
* * * LOW HITPOINT WARNING * * *
You feel drained.
* * * LOW HITPOINT WARNING * * *
It was a potion of degeneration.
There was something very wrong with that liquid.
You feel weakened.
You feel dopey.
You feel clumsy.
d - a potion of degeneration
e - 4 curare-tipped darts {=f} You constrict the necrophage, but do no damage.
The endoplasm hits you.
You die...

#.#.....###.##.........
#.#.##.## #.####.###.>.
#.#.##.# #.####.###...
##......# #......#.....
#.......# #####........
#.##.##.# #####.##.....
#.##.##.# #............
#.##.##J# #.....#.##^..
#.....n@# #.......##...
####.#### #..........#.
#.# #..........#. #.#
############. #.#####
#. #.....# ### #.
#####.###.## #.
#.##...## #.
#.#.....########.


You could see a necrophage and an endoplasm.

Vanquished Creatures
  A jelly (D:3)
  Jessica (D:2)
  Terence (D:3)
  5 adders
  An ufetubus (D:4)
  A dart slug (D:1)
  3 ball pythons
  9 endoplasms
  3 giant cockroaches
  5 goblins
  5 hobgoblins
  7 jackals
  5 quokkas
  10 bats
  7 frilled lizards
  2 kobolds
  6 rats
72 creatures vanquished.

Vanquished Creatures (others)
  11 demonic plants (D:2)
  5 fungi (D:2)
  2 plants (D:2)
  3 withered plants (D:2)
21 creatures vanquished.

Grand Total: 93 creatures vanquished

Notes
Turn   | Place    | Note
-------+----------+-------------------------------------------
     0 | D:1      | wakim the Octopode Transmuter began the quest for the Orb.
     0 | D:1      | Reached XP level 1. HP: 13/13 MP: 3/3
    95 | D:1      | Reached skill level 1 in Stealth
   115 | D:1      | Reached XP level 2. HP: 18/18 MP: 3/5
   700 | D:1      | Reached XP level 3. HP: 23/23 MP: 4/6
  1491 | D:1      | Learned a level 3 spell: Spider Form
  1554 | D:2      | Found a faded altar of an unknown god.
  1561 | D:2      | Became a worshipper of the Wu Jian Council
  1561 | D:2      | Reached * piety under Wu Jian
  1630 | D:2      | Noticed Sigmund
  2264 | D:2      | Reached skill level 1 in Shields
  2264 | D:2      | Reached XP level 4. HP: 23/28 MP: 5/7
  2407 | D:2      | Found a shimmering blue altar of Sif Muna.
  2609 | D:2      | Noticed Jessica
  2616 | D:2      | Killed Jessica
  2911 | D:3      | Reached XP level 5. HP: 24/33 MP: 6/8
  3061 | D:3      | Noticed Terence
  3070 | D:3      | Killed Terence
  3833 | D:3      | Noticed an ice beast
  4086 | D:4      | Noticed a phantom
  4175 | D:4      | Noticed a necrophage
  4189 | D:3      | HP: 1/28 [necrophage (3)]
  4190 | D:3      | Slain by an endoplasm

Illustrated notes

Levels and vault maps discovered:
D:1:      sevenhm_arrival_forest_fort_large_4, layout_basic
D:2:      layout_loops_corners, basic_altar, shapermc_ecumenical_altar_gd,
          uniq_sigmund, uniq_jessica
D:3:      layout_loops_cross, uniq_terence
D:4:      layout_cave_pools

Skill      XL: |  1  2  3  4  5 |
---------------+----------------+-----
Stealth        | 1 2 3 4 |  4.0
Shields        | 1 2 |  2.4
Unarmed Combat | 4 |  4.5
Fighting       | |  1.6
Dodging        | |  2.0
Spellcasting   | |  2.0
Transmutations | |  2.0

Action                   |  1- 3 |  4- 6 || total
-------------------------+-------+-------++-------
Melee: Unarmed           |    89 |    75 ||   164
       Constrict         |    11 |    13 ||    24
       Tentacles         |     9 |    14 ||    23
       Kick              |    12 |    14 ||    26
       Punch             |     2 |       ||     2
 Cast: Beastly Appendage |    31 |    20 ||    51
Invok: Lunge             |     4 |    15 ||    19
       Whirlwind         |       |     1 ||     1
  Use: Scroll            |     3 |     2 ||     5
       Potion            |       |     1 ||     1
 Stab: Sleeping          |    10 |     9 ||    19
Armor: Skin              |     6 |     2 ||     8
Dodge: Dodged            |    32 |    34 ||    66
Block: Buckler           |     5 |     6 ||    11

Table legend: (Time is in decaauts)
 A = Elapsed time spent in this place.
 B = Non-inter-level travel time spent in this place.
 C = Inter-level travel time spent in this place.
 D = Time resting spent in this place.
 E = Time spent auto-exploring this place.
 F = Levels seen in this place.
 G = Mean time per level.
                   A        B        C        D        E       F      G
               +--------+--------+--------+--------+--------+-----+--------+
         Total |   4188 |   3814 |    374 |      0 |   3081 |   4 | 1047.0 |
       Dungeon |   4188 |   3814 |    374 |      0 |   3081 |   4 | 1047.0 |
               +--------+--------+--------+--------+--------+-----+--------+

Top non-repeatable levels by time:
     D:1: 1704 daAuts
     D:2: 1279 daAuts
     D:3: 1177 daAuts
     D:4: 27 daAuts
